 Dungeon Crawl Stone Soup version 0.29-a0-8-g0446c0dae4 (webtiles) character file.

Game seed: 12679606639564521966

244 lessens the Cutter (level 5, 0/39 HPs)
             Began as a Vampire Fighter on Jan 27, 2022.
             Slain by a gnoll (11 damage)
             ... on level 4 of the Dungeon.
             The game lasted 00:03:24 (2632 turns).

lessens the Cutter (Vampire Fighter)                Turns: 2632, Time: 00:03:25

Health: 0/39       AC:  7    Str: 17    XL:     5   Next: 83%
Magic:  5/5        EV:  8    Int: 10    God:
Gold:   142        SH:  4    Dex: 14    Spells: 4/4 levels left

rFire   . . .      SeeInvis +   r - +2 dagger (drain)
rCold   . . .      Faith    .   c - +0 buckler
rNeg    . . .      Spirit   .   b - +0 scale mail
rPois   .          Reflect  .   (no helmet)
rElec   .          Harm     .   h - +0 cloak
rCorr   .          Rampage  .   (no gloves)
Will    .....                   (no boots)
Stlth   ..........              (no amulet)
HPRegen 0.33/turn               e - ring of wizardry
MPRegen 0.09/turn               (no ring)

@: lit by a corona, healing quickly, glowing
A: alive, fangs 3, see invisible, vampiric 2
a: Exsanguinate


You were on level 4 of the Dungeon.
You visited 1 branch of the dungeon, and saw 4 of its levels.

You collected 142 gold pieces.

Inventory:

Hand Weapons
 a - a +0 rapier
 r - a +2 dagger of draining (weapon)
Missiles
 g - 9 poisoned darts (quivered)
 i - 58 stones
Armour
 b - a +0 scale mail (worn)
 c - a +0 buckler (worn)
 h - a +0 cloak (worn)
Jewellery
 e - a ring of wizardry (left hand)
 q - an amulet of faith
Scrolls
 f - 2 scrolls of identify {unknown}
 j - a scroll of summoning {unknown}
 k - a scroll of enchant armour {unknown}
 l - 2 scrolls of teleportation {unknown}
 m - a scroll of fear {unknown}
 o - a scroll of fog {unknown}
 p - a scroll of silence {unknown}
Potions
 d - a potion of might
 n - a potion of degeneration {unknown}


   Skills:
 - Level 2.6 Fighting
 + Level 6.8 Short Blades
 - Level 2.4 Armour
 - Level 2.6 Shields


You had 4 spell levels left.
You didn't know any spells.
Your spell library contained the following spells:

 Spells                   Type           Power      Damage    Failure   Level
 Tukima's Dance           Hex            0%         N/A       87%         3
 Anguish                  Hex/Necr       0%         N/A       99%         4
 Enfeeble                 Hex            0%         N/A       100%        7


Dungeon Overview and Level Annotations

Branches:
Dungeon (4/15)
 Temple: D:4-7

Altars:


Innate Abilities, Weirdness & Mutations

Your natural rate of healing is accelerated.
You have razor-sharp teeth.
You have supernaturally acute eyesight. (SInv)
You are afflicted with vampirism and can become a bat while bloodless.


Message History

A gnoll shaman comes into view. It is wielding a +0 club.
You hit the adder. You drain the adder.
You kill the adder!
The gnoll shaman calls down the wrath of its god upon you.
You are outlined in light.
A worm and 2 gnolls come into view.
The gnoll shouts!
The gnoll shaman hits you with a +0 club.
Things that are here:
a hound corpse; a giant cockroach corpse You barely miss the gnoll shaman.
The gnoll shaman hits you with a +0 club.
You barely miss the gnoll shaman.
The gnoll shaman hits you with a +0 club!
You hit the gnoll shaman. You drain the gnoll shaman.
The gnoll shaman is lightly wounded.
The gnoll shaman hits you but does no damage.
You hit the gnoll shaman but do no damage.
You bite the gnoll shaman.
The gnoll shaman is moderately wounded.
The gnoll hits you with a +0 flail.
You hit the gnoll shaman.
The gnoll shaman is moderately wounded.
The gnoll shaman hits you with a +0 club.
The gnoll hits you from afar with a +0 spear.
You hit the gnoll shaman but do no damage.
The gnoll shaman is moderately wounded.
The gnoll hits you from afar with a +0 spear.
The gnoll shaman barely misses you.
You hit the gnoll shaman. Your bite misses the gnoll shaman.
The gnoll shaman is heavily wounded.
The gnoll hits you with a +0 flail!
* * * LOW HITPOINT WARNING * * *
The gnoll shaman calls upon its god to speed up the gnoll.
The gnoll seems to speed up.
You see here a +0 club.
Things that are here:
a +0 club; a gnoll corpse The gnoll hits you with a +0 flail!
You die...

#..# #.. #..#
#....#..# # #....
... #. #...##.#
#.#......##
#.....##.<########
#................
...#....@........
##...g........
##...........
#............ ..
##.#.g....... ...
####..##### ...#
##g# ....###
####))# .....#.
##.#.†##


You could see a gnoll shaman (drained) and 2 gnolls.

Vanquished Creatures
  A hound (D:4)
  Natasha (thrice) (D:3)
  An orc wizard (D:3)
  3 gnolls (D:4)
  2 adders
  3 dart slugs
  5 orcs
  6 bats
  4 endoplasms
  3 giant cockroaches
  4 goblins
  7 hobgoblins
  2 jackals (D:2)
  4 quokkas
  5 ball pythons
  A frilled lizard (D:2)
  3 kobolds
  3 rats (D:1)
60 creatures vanquished.

Notes
Turn   | Place    | Note
-------+----------+-------------------------------------------
     0 | D:1      | lessens the Vampire Fighter began the quest for the Orb.
     0 | D:1      | Reached XP level 1. HP: 17/17 MP: 1/1
   188 | D:1      | Reached skill level 3 in Short Blades
   190 | D:1      | Reached XP level 2. HP: 21/23 MP: 2/2
   825 | D:2      | Gained mutation: You are afflicted with vampirism and can
                  | become a bat while bloodless. [Vampire growth]
   825 | D:2      | Reached XP level 3. HP: 27/28 MP: 3/3
   872 | D:2      | Reached skill level 4 in Short Blades
  1468 | D:3      | Identified the +2 leather armour of the Other World {rC-
                  | Regen+ Int+4}
  1951 | D:3      | Noticed Natasha
  1963 | D:3      | Killed Natasha
  1964 | D:3      | Reached skill level 5 in Short Blades
  1964 | D:3      | Reached XP level 4. HP: 4/34 MP: 4/4
  2281 | D:3      | Noticed Natasha
  2309 | D:3      | Killed Natasha
  2310 | D:3      | Reached XP level 5. HP: 38/39 MP: 5/5
  2368 | D:3      | Noticed Natasha
  2373 | D:3      | Killed Natasha
  2374 | D:3      | Reached skill level 6 in Short Blades
  2632 | D:4      | Slain by a gnoll

Illustrated notes

Levels and vault maps discovered:
D:1:      tarquinn_simple_flora_water_b, layout_rooms, wad_floor_pattern_1
D:2:      layout_basic, st_stairs_14
D:3:      layout_basic, uniq_natasha
D:4:      layout_basic, nicolae_overflow_crystal_walls,
          minmay_temple_entry_ruins, gup_sewer_entry_spiral,
          chequers_serial_rivers_large_a, minmay_fractal_squares_gapless_5,
          uniq_grinder

Skill      XL: |  1  2  3  4  5 |
---------------+----------------+-----
Short Blades   | 3 5 6 |  6.8
Fighting       | |  2.6
Armour         | |  2.4
Shields        | |  2.6

Action                   |  1- 3 |  4- 6 || total
-------------------------+-------+-------++-------
Melee: Rapier            |   118 |    20 ||   138
       Bite              |     8 |    12 ||    20
       Dagger            |       |    57 ||    57
  Use: Potion            |     1 |       ||     1
Armor: Scale mail        |    57 |    19 ||    76
Dodge: Dodged            |    29 |    19 ||    48
Block: Buckler           |    29 |     9 ||    38

Table legend: (Time is in decaauts)
 A = Elapsed time spent in this place.
 B = Non-inter-level travel time spent in this place.
 C = Inter-level travel time spent in this place.
 D = Time resting spent in this place.
 E = Time spent auto-exploring this place.
 F = Levels seen in this place.
 G = Mean time per level.
                   A        B        C        D        E       F      G
               +--------+--------+--------+--------+--------+-----+--------+
         Total |   2629 |   2516 |    113 |      3 |   2041 |   4 |  657.2 |
       Dungeon |   2629 |   2516 |    113 |      3 |   2041 |   4 |  657.2 |
               +--------+--------+--------+--------+--------+-----+--------+

Top non-repeatable levels by time:
     D:3: 1114 daAuts
     D:2: 822 daAuts
     D:1: 615 daAuts
     D:4: 76 daAuts
